 Dungeon Crawl Stone Soup version 0.26-a0-34-g9e0bf03589 (webtiles) character file.

Game seed: 11308559759663638978, levelgen mode: deterministic

250420 Essalna the Warrior (level 19, -3/130 HPs)
             Began as a Gargoyle Ice Elementalist on May 29, 2020.
             Was the Champion of Vehumet.
             Slain by a +3 scimitar of freezing (4 damage)
             ... on level 1 of the Elven Halls.
             The game lasted 03:24:49 (47174 turns).

Essalna the Warrior (Gargoyle Ice Elementalist)    Turns: 47174, Time: 03:24:50

Health: -3/130     AC: 43    Str: 16    XL:     19   Next: 63%
Magic:  38/38      EV: 17    Int: 22    God:    Vehumet [******]
Gold:   1923       SH:  5    Dex: 10    Spells: 26/48 levels left

rFire    + . .     SeeInvis +   L - +4 war axe (elec)
rCold    . . .     Gourm    .   s - +0 buckler {rF+}
rNeg     + . .     Faith    .   u - +5 scale mail "Idinlymi" {MR+ rCorr Str+2}
rPois    ∞         Spirit   .   w - +1 helmet {SInv}
rElec    +         Reflect  .   r - +2 cloak
rCorr    +         Harm     .   (no gloves)
MR       ++...                  Q - +2 pair of boots {Fly}
Stlth    ..........             C - amulet of regeneration
HPRegen  0.71/turn              O - +4 ring of evasion
MPRegen  0.26/turn              P - +4 ring of protection

@: flying, starving
A: big wings, negative energy resistance 1, electricity resistance, unbreathing,
petrification resistance, rot immunity, AC +14
}: 2/15 runes: serpentine, barnacled
a: Stop Flying, Renounce Religion


You were on level 1 of the Elven Halls.
You worshipped Vehumet.
Vehumet was exalted by your worship.
You were starving.

You visited 7 branches of the dungeon, and saw 34 of its levels.
You also visited: Bailey and Gauntlet.

You collected 4013 gold pieces.
You spent 2090 gold pieces at shops.

Inventory:

Hand Weapons
 k - a +3 demon blade of freezing
 L - a +4 war axe of electrocution (weapon)
 T - a +2 vampiric demon trident
Armour
 r - a +2 cloak (worn)
 s - a +0 buckler of fire resistance (worn)
 u - the +5 scale mail "Idinlymi" (worn) {MR+ rCorr Str+2}
   (You found it in a bailey)

   It affects your strength (+2).
   It affects your resistance to hostile enchantments.
   It provides partial protection from all sources of acid and corrosion.
 w - a +1 helmet of see invisible (worn)
 D - a +2 buckler
 F - a +2 kite shield
 Q - a +2 pair of boots of flying (worn)
 S - a +2 robe of fire resistance
 U - a +1 buckler of positive energy
Magical Staves
 V - an uncursed staff of earth
Jewellery
 e - a +6 ring of intelligence
 g - an uncursed ring of ice
 h - an uncursed amulet of reflection
 j - an uncursed ring of wizardry
 o - an uncursed amulet of magic regeneration
 q - a +6 ring of strength
 x - an uncursed ring of positive energy
 A - an uncursed ring of magical power
 C - an amulet of regeneration (around neck)
 O - a +4 ring of evasion (left hand)
 P - a +4 ring of protection (right hand)
 Z - an uncursed ring of positive energy
Wands
 d - a wand of enslavement (5)
 N - a wand of clouds (4)
Scrolls
 a - 5 scrolls of amnesia
 b - 3 scrolls of fear
 f - 3 scrolls of teleportation
 m - 3 scrolls of magic mapping
 n - 5 scrolls of fog
 t - 4 scrolls of enchant armour
 y - 5 scrolls of enchant weapon
 B - 18 scrolls of remove curse
 G - 2 scrolls of random uselessness
 H - 9 scrolls of identify
 J - a scroll of holy word
 Y - a scroll of blinking
Potions
 i - 2 potions of ambrosia
 l - 4 potions of stabbing
 v - 4 potions of cancellation
 z - 7 potions of curing
 E - 5 potions of brilliance
 M - 3 potions of mutation
 W - a potion of resistance
 X - 3 potions of haste
Miscellaneous
 R - a tin of tremorstones (3/3)
Comestibles
 c - 41 rations


   Skills:
 + Level 18.1 Fighting
 - Level 14.4 Armour
 - Level 8.1 Dodging
 - Level 2.1 Stealth
 - Level 7.3 Shields
 - Level 15.2 Spellcasting
 + Level 17.3 Ice Magic
 - Level 7.2 Earth Magic


You had 26 spell levels left.
You knew the following spells:

 Your Spells              Type           Power        Failure   Level  Hunger
a - Freeze                Ice            ####         0%          1    None
b - Frozen Ramparts       Ice            ######       0%          3    None
c - Lee's Rapid Deconstr  Erth           #####.....   3%          5    ###....
d - Absolute Zero         Ice            #######...   85%         9    #######
e - Hailstorm             Conj/Ice       ######..     1%          4    None

Your spell library contained the following spells:

 Spells                   Type           Power        Failure   Level  Hunger
 Ignition                 Fire           ###.......   100%        8    #######
 Shatter                  Erth           #####.....   100%        9    #######
 Tornado                  Air            ###.......   100%        9    #######
 Ensorcelled Hibernation  Hex/Ice        ######       1%          2    None
 Ozocubu's Armour         Chrm/Ice       ######..     1%          3    None
 Foxfire                  Conj/Fire      ###.         2%          1    None
 Summon Ice Beast         Ice/Summ       ######..     2%          4    None
 Conjure Flame            Conj/Fire      ###.....     7%          3    None
 Dazzling Flash           Conj/Hex       ###...       7%          3    None
 Inner Flame              Hex/Fire       ###.....     7%          3    None
 Mephitic Cloud           Conj/Pois/Air  ###.....     7%          3    None
 Animate Skeleton         Necr           N/A          9%          1    None
 Apportation              Tloc           ###...       9%          1    None
 Corona                   Hex            ###....      9%          1    None
 Summon Butterflies       Summ           ###.....     9%          1    None
 Summon Small Mammal      Summ           ###.         9%          1    None
 Poisonous Vapours        Pois/Air       ###...       14%         2    None
 Sticky Flame             Conj/Fire      ###.....     22%         4    None
 Call Canine Familiar     Summ           ###.....     26%         3    None
 Confusing Touch          Hex            ###.....     26%         3    None
 Lesser Beckoning         Tloc           ###.......   26%         3    None
 Tukima's Dance           Hex            ###.....     26%         3    None
 Freezing Cloud           Conj/Ice/Air   #####.....   32%         6    #####..
 Borgnjor's Vile Clutch   Necr/Erth      ####......   50%         5    ###....
 Fireball                 Conj/Fire      ###.......   50%         5    ###....
 Yara's Violent Unravell  Hex/Tmut       ###.......   50%         5    ###....
 Cause Fear               Hex            ###.......   65%         4    None
 Alistair's Intoxication  Tmut/Pois      ###.....     94%         5    ###....
 Silence                  Hex/Air        ###.......   94%         5    ###....
 Summon Mana Viper        Hex/Summ       ###.....     94%         5    ###....
 Darkness                 Hex            ###.......   100%        6    #####..
 Invisibility             Hex            ###.....     100%        6    #####..
 Shadow Creatures         Summ           N/A          100%        6    #####..
 Ring of Flames           Chrm/Fire      ###.......   100%        7    ######.
 Summon Hydra             Summ           ###.......   100%        7    ######.
 Chain Lightning          Conj/Air       ###.......   100%        8    #######
 Discord                  Hex            ###.......   100%        8    #######
 Lehudib's Crystal Spear  Conj/Erth      ####......   100%        8    #######
 Fire Storm               Conj/Fire      ###.......   100%        9    #######


Dungeon Overview and Level Annotations

Branches:
Dungeon (15/15)            Temple (1/1) D:5            Lair (6/6) D:10
 Shoals (4/4) Lair:4        Snake (4/4) Lair:2        Slime (0/5) Lair:6
    Orc (2/2) D:12            Elf (2/3) Orc:2        Vaults (0/5) D:13
 Depths (0/5) D:15         Bailey (visited)         Gauntlet (visited)

Altars:
Ashenzari
Cheibriados
Dithmenos
Elyvilon
Fedhas
Gozag
Hepliaklqana
Kikubaaqudgha
Makhleb
Nemelex Xobeh
Okawaru
Qazlal
Ru
Sif Muna
Trog
Uskayaw
Vehumet
Wu Jian
Xom
Yredelemnul
Zin
The Shining One
Beogh
Jiyva

Shops:
D:5 [   D:7 [   Orc:2 (}:!   Shoals:1 *   Snake:3 [!(

Annotations:
D:14 Roxanne
D:15 3 runed translucent doors, Ovuop's ghost, journeyman GrEE
Lair:4 ragnag's ghost, journeyman DECj
Lair:6 exclusion: oklob plant


Innate Abilities, Weirdness & Mutations

You are resistant to torment.
Your stone body is resilient. (AC +14)
You are immune to poison.
Your large and strong wings let you fly indefinitely.
You resist negative energy. (rN+)
You are resistant to electric shocks. (rElec)
You can survive without breathing.
You are immune to petrification.
You are immune to rotting.


Message History

L - a +4 war axe of electrocution (weapon)
The +3 scimitar of freezing completely resists.
The wall freezes the +3 scimitar of freezing but do no damage.
The +3 scimitar of freezing closely misses you.
You are starving!
You hit the +3 scimitar of freezing but do no damage.
The +3 scimitar of freezing is severely damaged.
The frozen ramparts melt away.
The +3 scimitar of freezing hits you but does no damage.
The +3 scimitar of freezing hits you.
* * * LOW HITPOINT WARNING * * *
The +3 scimitar of freezing freezes you.
* * * LOW HITPOINT WARNING * * *
You barely miss the +3 scimitar of freezing.
The +3 scimitar of freezing is severely damaged.
The +3 scimitar of freezing hits you but does no damage.
The +3 scimitar of freezing hits you!
* * * LOW HITPOINT WARNING * * *
The +3 scimitar of freezing freezes you.
You die...

#.######.##.###.##.#####..#..^.
#.######..............##.).)...
#...........###.#####..##.).#''
#>)#######.## #.# #..)[.)##..
###..# #.# #.# #.[##(##... .....#
#.# #.# #.....#.... ####.# #.#
#.# #..##.#.... #.#
##.####.#####.....##...
##.######....(@.....#..##.###..
#....../[..####)..........# ###
#..#######.# #.####.###### #.#
#..# #.# #.# #.# #.# #.## #.# #.#
#.# ###'# #.# #.# #.# #.# ##....
###+#### #.# #.# #.# ##.....
.......#####.####.####.####......
........'.................'......


You could see a +3 scimitar of freezing.

Vanquished Creatures
  Jorgrun (Orc:1)
  Rupert (D:14)
  Asterion (Elf:1)
  Polyphemus (Shoals:4)
  Kirke (D:15)
  Agnes (Snake:4)
  Frances (D:13)
  7 nagarajas (Snake:4)
  A deep elf sorcerer (Elf:1)
  Aizul (Snake:1)
  A deep elf demonologist (Elf:1)
  A dire elephant (D:14)
  A minotaur (Gauntlet)
  Azrael (D:15)
  Nessos (D:15)
  A deep elf annihilator (Elf:1)
  The ghost of magipi the Thrower, a journeyman GrHu of Okawaru (Orc:1)
  Snorg (D:13)
  5 merfolk javelineers
  7 merfolk impalers
  A hell beast (Gauntlet)
  Erolcha (Orc:2)
  8 hydras
  4 catoblepae
  Harold (D:9)
  11 naga warriors
  5 merfolk avatars
  2 merfolk aquamancers (Shoals:4)
  5 centaur warriors
  An alligator (Lair:5)
  3 dancing weapons
  A death knight (D:15)
  3 satyrs (Shoals:4)
  10 anacondas
  5 two-headed ogres
  A queen ant (Gauntlet)
  3 death yaks (Shoals:4)
  8 orc high priests (Orc:2)
  6 shock serpents
  10 naga sharpshooters
  Urug (D:13)
  3 deep elf knights
  A fire crab (Shoals:3)
  A salamander mystic (Snake:3)
  18 sea snakes
  An unseen horror (D:15)
  13 skeletal warriors
  3 swamp dragons (Lair:5)
  3 naga ritualists
  2 phantasmal warriors
  An orc knight (Bailey)
  11 mana vipers
  22 deep elf magi
  12 harpies
  A wolf spider (shapeshifter) (D:13)
  A wolf spider (D:15)
  A harpy (shapeshifter) (D:12)
  6 fauns
  11 cyclopes
  12 salamanders
  Maurice (Orc:2)
  6 elephants
  13 manticores
  10 merfolk sirens
  21 spiny frogs
  5 water nymphs
  42 black mambas
  2 gargoyles (D:12)
  20 naga magi
  8 guardian serpents
  2 rime drakes (Lair:6)
  Maggie (Lair:2)
  4 kobold demonologists
  2 efreet
  7 komodo dragons
  3 tengu conjurers (D:15)
  4 meliai
  3 freezing wraiths (D:15)
  10 trolls
  3 tyrant leeches (Lair:6)
  30 merfolk
  2 hornets
  2 polar bears
  4 harpy zombies (Shoals:2)
  20 blink frogs
  A hornet (shapeshifter) (D:13)
  2 slime creatures
  A wind drake (Shoals:2)
  11 hippogriffs
  8 snapping turtles
  8 dream sheep
  36 yaks
  4 basilisks
  4 water elementals
  8 fire elementals
  4 wyverns
  3 fire bats (Shoals:3)
  7 hogs (D:15)
  11 vampire mosquitoes
  5 neqoxecs (Orc:1)
  3 hungry ghosts
  6 wargs
  2 acid dragons (D:15)
  49 nagas
  7 soldier ants
  12 water moccasins
  13 porcupines
  6 hell hounds
  28 orc warriors
  5 sky beasts
  An eye of draining (D:14)
  2 swamp drakes (Lair:5)
  4 black bears
  7 ice beasts
  6 ogres
  4 phantoms
  3 wolves (Lair:3)
  12 crocodiles
  The ghost of cantrip the Digger, an amateur GnEE of Vehumet (D:3)
  11 centaurs
  7 big kobolds
  Blork the orc (D:6)
  39 bullfrogs
  A water moccasin zombie (D:12)
  5 scorpions
  A wyvern skeleton (D:14)
  4 killer bees (D:10)
  5 howler monkeys
  16 wights
  A vampire bat (Lair:6)
  2 electric eels (Lair:6)
  A bullfrog zombie (D:12)
  12 crimson imps
  2 quasits (Orc:1)
  6 centaur zombies
  30 orc priests
  8 hounds
  A jelly (D:11)
  A bullfrog skeleton (D:13)
  7 centaur skeletons
  Crazy Yiuf (D:2)
  6 hell rats (Lair:4)
  Natasha (thrice) (D:3)
  7 iguanas
  27 orc wizards
  8 worker ants
  A hound zombie (D:5)
  2 hound skeletons
  3 gnolls (D:5)
  A howler monkey skeleton (D:6)
  13 adders
  A river rat (Lair:6)
  6 shadow imps
  An ooze (D:1)
  2 adder zombies
  3 adder skeletons
  5 worms
  4 leopard geckos
  113 orcs
  5 giant cockroaches
  11 goblins
  6 hobgoblins
  2 jackals (D:2)
  5 quokkas
  16 bats
  10 frilled lizards
  18 kobolds
  2 leopard gecko skeletons (D:6)
  A quokka skeleton (D:3)
  A quokka zombie (D:5)
  8 rats
  2 fungi
  12 plants
1225 creatures vanquished.

Vanquished Creatures (others)
  A water elemental (Shoals:4)
  A naga (Snake:3)
  A crocodile (Lair:5)
  An orc wizard (Orc:2)
  A demonic plant (Gauntlet)
  16 fungi
  39 plants
60 creatures vanquished.

Grand Total: 1285 creatures vanquished

Notes
Turn   | Place    | Note
-------+----------+-------------------------------------------
     0 | D:1      | Essalna the Gargoyle Ice Elementalist began the quest for
                  | the Orb.
     0 | D:1      | Reached XP level 1. HP: 10/10 MP: 3/3
   239 | D:1      | Reached XP level 2. HP: 16/16 MP: 3/5
   378 | D:1      | Reached skill level 1 in Fighting
  1088 | D:2      | Reached XP level 3. HP: 18/20 MP: 2/6
  1508 | D:2      | Found a blossoming altar of Fedhas.
  1775 | D:2      | Found a runed translucent door.
  1776 | D:2      | Noticed Crazy Yiuf
  2020 | D:3      | Reached XP level 4. HP: 26/26 MP: 5/8
  2023 | D:3      | Reached skill level 2 in Fighting
  2074 | D:3      | Noticed Natasha
  2206 | D:3      | Found a glowing golden altar of the Shining One.
  2206 | D:3      | Found a white marble altar of Elyvilon.
  2207 | D:3      | Found a glowing silver altar of Zin.
  2450 | D:3      | Reached XP level 5. HP: 31/31 MP: 0/9
  2694 | D:2      | Killed Crazy Yiuf
  2815 | D:3      | Learned a level 3 spell: Frozen Ramparts
  2842 | D:3      | Found a runed translucent gate.
  2844 | D:3      | Found a runed translucent gate.
  2844 | D:3      | Identified the cursed +1 spear "Qodeum Nili" {vorpal, rF+
                  | Int-2 Stlth+}
  2845 | D:3      | Found a runed translucent gate.
  2847 | D:3      | Noticed cantrip's ghost (amateur GnEE)
  2848 | D:3      | Found a roughly hewn altar of Beogh.
  2883 | D:3      | Killed cantrip's ghost
  2883 | D:3      | Reached skill level 3 in Fighting
  2883 | D:3      | Reached skill level 5 in Ice Magic
  2883 | D:3      | Reached XP level 6. HP: 32/37 MP: 3/11
  3027 | D:3      | Found a blossoming altar of Fedhas.
  3179 | D:3      | Killed Natasha
  3369 | D:3      | Noticed Natasha
  3376 | D:3      | Killed Natasha
  3395 | D:3      | Noticed Natasha
  3400 | D:3      | Killed Natasha
  3569 | D:4      | Reached skill level 1 in Armour
  3877 | D:4      | Reached XP level 7. HP: 39/42 MP: 12/12
  4277 | D:4      | Reached skill level 4 in Fighting
  4483 | D:5      | Entered Level 5 of the Dungeon
  4643 | D:5      | Found Askuir's Armour Shop.
  4759 | D:5      | Found a staircase to the Ecumenical Temple.
  4778 | Temple   | Entered the Ecumenical Temple
  4803 | Temple   | Became a worshipper of Vehumet
  4894 | D:5      | Found a shimmering altar of Xom.
  4894 | D:5      | Found a shimmering altar of Xom.
  4903 | D:5      | Found a shimmering altar of Xom.
  4903 | D:5      | Found a shimmering altar of Xom.
  4904 | D:5      | Found a shimmering altar of Xom.
  4905 | D:5      | Found a shimmering altar of Xom.
  4935 | D:5      | Found a sacrificial altar of Ru.
  4944 | D:5      | Found a shadowy altar of Dithmenos.
  5407 | D:6      | Reached XP level 8. HP: 46/48 MP: 14/14
  5683 | D:6      | Reached skill level 5 in Fighting
  5810 | D:6      | Reached * piety under Vehumet
  5810 | D:6      | Offered knowledge of Magic Dart by Vehumet.
  5863 | D:6      | Reached skill level 5 in Spellcasting
  6197 | D:6      | Noticed Blork the orc
  6204 | D:6      | Killed Blork the orc
  6394 | D:6      | Reached XP level 9. HP: 53/55 MP: 16/16
  6601 | D:7      | Reached skill level 6 in Fighting
  6685 | D:7      | Found a flagged portal.
  6704 | Bailey   | Entered a bailey
  6832 | Bailey   | Reached skill level 5 in Armour
  7084 | Bailey   | Reached ** piety under Vehumet
  7177 | Bailey   | Offered knowledge of Sandblast by Vehumet.
  7189 | Bailey   | Got a spiked scale mail
  7200 | Bailey   | Identified the +5 scale mail "Idinlymi" {MR+ rCorr Str+2}
                  | (You found it in a bailey)
  7200 | Bailey   | Noticed an orc knight
  7222 | Bailey   | Killed an orc knight
  7331 | Bailey   | Got a warped bardiche
  7332 | Bailey   | Identified the cursed +0 bardiche of the Big Bang {vorpal,
                  | rPois MR+} (You found it in a bailey)
  7369 | Bailey   | Reached skill level 7 in Fighting
  7369 | Bailey   | Reached XP level 10. HP: 43/63 MP: 19/19
  7700 | Bailey   | Reached skill level 5 in Dodging
  7924 | D:7      | Found an iron altar of Okawaru.
  7926 | D:7      | Found a snail-covered altar of Cheibriados.
  7947 | D:7      | Found a bloodstained altar of Trog.
  8095 | D:7      | Got a pearl-encrusted plate armour
  8096 | D:7      | Identified the +10 plate armour of Jupt {rC- Str+4 Stlth+}
                  | (You found it on level 7 of the Dungeon)
  8166 | D:7      | Found Govaz's Armour Shop.
  8231 | D:7      | Offered knowledge of Stone Arrow by Vehumet.
  8458 | D:7      | Found a basalt altar of Yredelemnul.
  8458 | D:7      | Found a sparkling altar of Nemelex Xobeh.
  8761 | D:8      | Reached *** piety under Vehumet
  8871 | D:8      | Noticed a three-headed hydra
  8880 | D:8      | Killed a three-headed hydra
  8880 | D:8      | Reached skill level 8 in Fighting
  9126 | D:8      | Offered knowledge of Inner Flame by Vehumet.
  9131 | D:8      | Reached XP level 11. HP: 67/68 MP: 21/21
  9854 | D:9      | Reached **** piety under Vehumet
 10000 | D:9      | Noticed Harold
 10010 | D:9      | Killed Harold
 10010 | D:9      | Offered knowledge of Ignite Poison by Vehumet.
 10428 | D:10     | Entered Level 10 of the Dungeon
 10792 | D:10     | Found a staircase to the Lair.
 10798 | D:10     | Reached skill level 9 in Fighting
 11002 | D:10     | Paralysed by fainting for 5 turns
 11518 | D:11     | Found a gate leading to a gauntlet.
 11543 | Gauntlet | Entered a Gauntlet
 11543 | Gauntlet | Found a transporter.
 11543 | Gauntlet | Found a transporter.
 11543 | Gauntlet | Noticed a queen ant
 11543 | Gauntlet | Noticed a soul eater
 11568 | Gauntlet | Found a transporter.
 11577 | Gauntlet | Killed a queen ant
 11579 | Gauntlet | Found a transporter.
 11633 | Gauntlet | Reached XP level 12. HP: 57/76 MP: 24/24
 11722 | Gauntlet | Found a transporter.
 11729 | Gauntlet | Found a transporter.
 11900 | Gauntlet | Noticed a hell beast
 11900 | Gauntlet | Found a transporter.
 11925 | Gauntlet | Killed a hell beast
 11928 | Gauntlet | Reached ***** piety under Vehumet
 11928 | Gauntlet | Offered knowledge of Olgreb's Toxic Radiance by Vehumet.
 12097 | Gauntlet | Noticed a minotaur
 12110 | Gauntlet | Killed a minotaur
 12110 | Gauntlet | Reached skill level 10 in Ice Magic
 12112 | Gauntlet | Found a transporter.
 12115 | Gauntlet | Noticed a catoblepas
 12281 | Gauntlet | Got a scorched shortbow
 12608 | D:11     | Reached skill level 10 in Fighting
 13389 | D:12     | Paralysed by fainting for 11 turns
 13795 | D:12     | Found a staircase to the Orcish Mines.
 14550 | D:12     | Reached skill level 10 in Armour
 14785 | Orc:1    | Entered Level 1 of the Orcish Mines
 14818 | Orc:1    | Reached XP level 13. HP: 76/83 MP: 26/26
 14943 | Lair:1   | Entered Level 1 of the Lair of Beasts
 15378 | Lair:1   | You are sucked into a shaft and drop 1 floor!
 15438 | Lair:2   | Found a shattered altar of Ashenzari.
 15623 | Lair:1   | Reached skill level 1 in Shields
 16122 | Lair:2   | Reached skill level 11 in Fighting
 16357 | Lair:2   | Noticed Maggie
 16375 | Lair:2   | Killed Maggie
 16556 | Lair:2   | Identified the +1 shortbow "Beetleslayer" {vorpal, rElec
                  | Str+4} (You found it in a Gauntlet)
 16565 | Lair:2   | Identified a scroll of acquirement
 16656 | Lair:2   | Offered knowledge of Lee's Rapid Deconstruction by Vehumet.
 16665 | Lair:2   | Learned a level 5 spell: Lee's Rapid Deconstruction
 16680 | Lair:2   | Found a staircase to the Snake Pit.
 17336 | Lair:3   | Reached skill level 1 in Earth Magic
 17807 | Lair:4   | Found a staircase to the Shoals.
 18206 | Lair:4   | Found a runed translucent door.
 18206 | Lair:4   | Found a shimmering altar of Xom.
 18206 | Lair:4   | Noticed ragnag's ghost (journeyman DECj)
 18418 | Lair:4   | Reached skill level 10 in Spellcasting
 19491 | Lair:5   | Gained mutation: Your large and strong wings let you fly
                  | indefinitely. [Gargoyle growth]
 19491 | Lair:5   | Reached XP level 14. HP: 70/91 MP: 28/28
 19727 | Lair:5   | Offered knowledge of Yara's Violent Unravelling by Vehumet.
 20383 | Lair:5   | Reached skill level 5 in Shields
 20668 | Lair:6   | Entered Level 6 of the Lair of Beasts
 21098 | Lair:6   | Reached skill level 12 in Fighting
 21242 | Lair:6   | Reached skill level 5 in Earth Magic
 22829 | Lair:6   | Found a viscous altar of Jiyva.
 22829 | Lair:6   | Found a staircase to the Slime Pits.
 23604 | Orc:1    | Noticed magipi's ghost (journeyman GrHu)
 23927 | Orc:1    | Noticed Jorgrun
 23938 | Orc:1    | Killed Jorgrun
 23938 | Orc:1    | Reached XP level 15. HP: 47/97 MP: 16/29
 24263 | Orc:1    | Found a transporter.
 24276 | Orc:1    | Found a transporter.
 24366 | Orc:2    | Entered Level 2 of the Orcish Mines
 24612 | Orc:2    | Noticed Erolcha
 24637 | Orc:2    | Paralysed by Erolcha for 6 turns
 24648 | Orc:2    | Killed Erolcha
 24932 | Orc:2    | Found Gevoy's Distillery.
 24960 | Orc:2    | Offered knowledge of Spellforged Servitor by Vehumet.
 24964 | Orc:2    | Noticed Maurice
 24967 | Orc:2    | Found a staircase to the Elven Halls.
 25279 | Orc:2    | Killed Maurice
 25573 | Orc:2    | Found Fuenunara's Weapon Shoppe.
 25573 | Orc:2    | Found Mapp's Gadget Boutique.
 25609 | Orc:2    | Found a roughly hewn altar of Beogh.
 25625 | Orc:2    | Found Buypon's Book Shoppe.
 25660 | Orc:2    | Bought a book of Annihilations for 1876 gold pieces
 26308 | D:13     | Noticed Snorg
 26320 | D:13     | Killed Snorg
 26660 | D:13     | Noticed Frances
 26890 | D:13     | Reached skill level 13 in Fighting
 27180 | D:13     | Offered knowledge of Conjure Ball Lightning by Vehumet.
 27691 | D:13     | Killed Frances
 28105 | D:13     | Noticed Urug
 28109 | D:13     | Killed Urug
 28346 | D:13     | Found a gate to the Vaults.
 28420 | D:14     | Noticed Roxanne
 28492 | D:14     | Noticed Rupert
 28546 | D:14     | Killed Rupert
 28547 | D:14     | Reached ****** piety under Vehumet
 28988 | D:14     | Reached XP level 16. HP: 49/104 MP: 31/31
 29891 | D:15     | Entered Level 15 of the Dungeon
 30250 | D:15     | Noticed Kirke
 30288 | D:15     | Found a runed translucent gate.
 30288 | D:15     | Noticed Ovuop's ghost (journeyman GrEE)
 30289 | D:15     | Noticed a sphinx
 30296 | D:15     | Killed Kirke
 30297 | D:15     | Found a runed translucent gate.
 30374 | D:15     | Found a runed translucent gate.
 30532 | D:15     | Noticed Azrael
 30600 | D:15     | Reached skill level 14 in Fighting
 30682 | D:15     | Identified the +8 chain mail of Complete Protection {Str+3}
 30702 | D:15     | Killed Azrael
 31034 | D:15     | Offered knowledge of Irradiate by Vehumet.
 31191 | D:15     | Noticed Nessos
 31198 | D:15     | Killed Nessos
 31457 | D:15     | Found a staircase to the Depths.
 31817 | Snake:1  | Entered Level 1 of the Snake Pit
 32072 | Orc:1    | Killed magipi's ghost
 32081 | Orc:1    | Got the ring of Xom's Amusement {Int+6}
 32083 | Orc:1    | Identified the ring of Xom's Amusement {*Corrode rElec
                  | Int+6 Dex-5 Stlth+} (You found it on level 1 of the Orcish
                  | Mines)
 32829 | Snake:1  | Noticed Aizul
 32843 | Snake:1  | Killed Aizul
 33795 | Snake:2  | Reached XP level 17. HP: 104/112 MP: 33/33
 35383 | Snake:3  | Found Gaacun's Armour Emporium.
 35387 | Snake:3  | Found Nyehishre's Distillery.
 35388 | Snake:3  | Found Batairar's Weapon Emporium.
 35399 | Snake:3  | Reached skill level 15 in Fighting
 36031 | Snake:3  | Offered knowledge of Iron Shot by Vehumet.
 36924 | Snake:4  | Entered Level 4 of the Snake Pit
 37161 | Snake:4  | Noticed Agnes
 37223 | Snake:4  | Reached skill level 15 in Ice Magic
 37233 | Snake:4  | Killed Agnes
 38178 | Snake:4  | Reached XP level 18. HP: 120/120 MP: 35/35
 38188 | Snake:4  | Reached skill level 16 in Fighting
 38510 | Snake:4  | Offered knowledge of Shatter by Vehumet.
 38510 | Snake:4  | Offered knowledge of Tornado by Vehumet.
 38510 | Snake:4  | Offered knowledge of Ignition by Vehumet.
 38704 | Snake:4  | Got a serpentine rune of Zot
 38888 | Shoals:1 | Entered Level 1 of the Shoals
 38962 | Lair:4   | Paralysed by a +1 dire flail of chaos for 7 turns
 39274 | Shoals:1 | Found Sezic's General Store.
 39287 | Shoals:1 | Bought a +1 helmet of see invisible for 214 gold pieces
 41172 | Shoals:2 | Learned a level 9 spell: Absolute Zero
 42191 | Shoals:3 | Reached skill level 17 in Fighting
 42816 | Shoals:4 | Entered Level 4 of the Shoals
 43036 | Shoals:4 | Learned a level 4 spell: Hailstorm
 43416 | Shoals:4 | Reached XP level 19. HP: 128/128 MP: 25/37
 43666 | Shoals:4 | Reached skill level 15 in Spellcasting
 43889 | Shoals:4 | Noticed Polyphemus
 44726 | Shoals:4 | Got a barnacled rune of Zot
 45116 | Shoals:4 | Killed Polyphemus
 45239 | Lair:4   | Paralysed by a +1 dire flail of chaos for 3 turns
 45320 | Lair:3   | Paralysed by a +1 dire flail of chaos for 4 turns
 45598 | Elf:1    | Entered Level 1 of the Elven Halls
 45925 | Elf:1    | You are sucked into a shaft and drop 1 floor!
 45968 | Elf:2    | Reached skill level 18 in Fighting
 46155 | Elf:2    | Found a frozen archway.
 46687 | Elf:1    | Noticed Asterion
 46697 | Elf:1    | Killed Asterion
 47174 | Elf:1    | HP: 1/130 [+3 scimitar of freezing (11)]
 47174 | Elf:1    | Slain by a +3 scimitar of freezing

Illustrated notes

Levels and vault maps discovered:
D:1:      mushboom_english_gardens, layout_basic
D:2:      layout_rooms, fedhas_altar_1, uniq_crazy_yiuf_cottage
D:3:      layout_basic, good_gods_temple_1, old_standard_altar,
          biasface_ghost_orc_armoury, uniq_natasha
D:4:      wander_river, layout_basic
D:5:      layout_cave_pools, xom_redecorated, minmay_temple_entry_trees,
          first_ration, serial_shops, nicolae_shop_crystal, basic_altar,
          kennysheep_crisscross, nicolae_dithmenos_the_darkroom
D:6:      layout_basic, minmay_statues_item, uniq_blork_the_orc
D:7:      layout_gridville, gammafunk_temple_overflow_wave,
          grunt_temple_overflow_open, serial_shops,
          nicolae_shop_window_shopping, enter_bailey_3, lemuel_altar_in_water
D:8:      layout_rooms, hangedman_ranch [blue_anna_fruit_fields]
D:9:      layout_long_grid, uniq_harold
D:10:     layout_loops_corners, minmay_lair_entry_grove,
          corexii_leaking_fountain, kennysheep_generic_room_9
D:11:     layout_loops_corners, gauntlet_entry_generic
D:12:     layout_loops_corners, david_orc_1_choice
D:13:     layout_cave_pools, david_vaults_4, serial_park, serial_park_square2,
          serial_park_square1 [serial_park_minivault_5x5_4],
          serial_park_tiny_pond, serial_park_tiny_pond, serial_park_square3
          [serial_park_minivault_5x5_7], kennysheep_small_spiral, uniq_snorg,
          uniq_frances, uniq_urug
D:14:     layout_irregular_city, uniq_rupert, uniq_roxanne
D:15:     hangedman_depths_entry_try_elsewhere_first, layout_rooms,
          ebering_ghost_rock_garden, nicolae_twisting_strands, uniq_nessos,
          uniq_azrael, uniq_kirke
Temple:   cyrus_circular_temple
Lair:1:   layout_regular_city, minivault_25
Lair:2:   wad_woods_stonehenge, layout_chaotic_city, dummy_snake_entry,
          uniq_maggie
Lair:3:   layout_roguey
Lair:4:   nzn_motion_control, layout_gridlike,
          minmay_shoals_entry_lonely_mermaid, ebering_ghost_xom
Lair:5:   onia_ninara_swampy_vault, layout_cave_pods
Lair:6:   minmay_lair_end_frog_pond, layout_gridlike,
          dpeg_slime_entry_enclosed_altar, serial_bayou_pond_a,
          chequers_serial_rivers_large_a, minivault_24, roderic_batcave, pond
Shoals:1: layout_shoals, serial_shops, shop_fountains
Shoals:2: layout_shoals, nicolae_shoals_undead_eyrie
Shoals:3: layout_shoals, hangedman_shoal_volcano
Shoals:4: shoals_end_simple, layout_shoals,
          nicolae_shoals_stone_sculpture_thing, uniq_polyphemus
Snake:1:  layout_rooms, uniq_aizul
Snake:2:  layout_onion, nicolae_snake_salamander_stairs
Snake:3:  layout_gridlike, corexii_hall_statues_i, minmay_shop_star
Snake:4:  grunt_snake_rune_pools, layout_misc_corridors, serial_bayou_pond_e,
          uniq_agnes
Orc:1:    layout_caves, enter_volcano_4, gammafunk_ghost_stat_death,
          uniq_jorgrun
Orc:2:    st_orc_town, layout_diamond_mine, uniq_maurice, uniq_erolcha
Elf:1:    elf_arrival_002, layout_gridlike, hangedman_elf_represent,
          uniq_asterion
Elf:2:    layout_geoelf_octagon, portal_ice_cave_entry_pillars_1

Skill      XL: |  1  2  3  4  5  6  7  8  9 10 11 12 13 14 15 16 17 18 19 |
---------------+----------------------------------------------------------+-----
Fighting       | 1 2 3 4 5 7 8 9 10 11 12 13 14 15 17 18 | 18.1
Spellcasting   | 3 4 5 6 7 8 9 10 11 12 13 14 15 | 15.2
Ice Magic      | 5 6 7 8 9 10 11 12 13 14 15 16 17 | 17.3
Armour         | 1 2 4 5 7 8 10 11 12 13 14 | 14.4
Dodging        | 2 3 4 5 6 8 |  8.1
Shields        | 4 6 7 |  7.3
Earth Magic    | 3 6 7 |  7.2
Stealth        | |  2.1

Action                   |  1- 3 |  4- 6 |  7- 9 | 10-12 | 13-15 | 16-18 | 19-21 || total
-------------------------+-------+-------+-------+-------+-------+-------+-------++-------
Melee: Unarmed           |    14 |    17 |       |       |       |       |       ||    31
       War axe           |       |    29 |   205 |   503 |   845 |  1151 |    82 ||  2815
       Demon trident     |       |       |       |       |       |   147 |   403 ||   550
       Demon blade       |       |       |       |       |       |       |    64 ||    64
 Cast: Freeze            |    59 |    61 |     2 |    26 |    50 |    84 |     7 ||   289
       Frozen Ramparts   |       |     5 |    27 |    70 |   164 |   175 |    28 ||   469
       Lee's Rapid Decon |       |       |       |       |    34 |     9 |    13 ||    56
       Hailstorm         |       |       |       |       |       |    21 |    89 ||   110
 Abil: Fly               |       |       |       |       |       |     1 |       ||     1
       Stop Flying       |       |       |       |       |       |     1 |       ||     1
Evoke: Wand              |       |       |       |    10 |       |       |       ||    10
  Use: Scroll            |       |       |     8 |     6 |    14 |    18 |     8 ||    54
       Potion            |       |       |     3 |     2 |     6 |     5 |     7 ||    23
 Stab: Sleeping          |     1 |     3 |     3 |       |       |       |       ||     7
       Invisible         |       |       |       |       |       |     3 |     6 ||     9
       Petrified         |       |       |       |       |       |       |    13 ||    13
  Eat: Chunk             |     4 |     6 |    10 |    31 |    42 |    34 |     9 ||   136
       Ration            |       |       |     1 |     3 |     3 |     5 |     1 ||    13
Armor: Robe              |    26 |    44 |   142 |       |       |       |       ||   212
       Scale mail        |       |       |     5 |   472 |   686 |  1091 |   398 ||  2652
       Ring mail         |       |       |     2 |       |       |       |       ||     2
Dodge: Dodged            |    39 |    73 |   217 |   394 |   679 |  1240 |   435 ||  3077
Block: Other             |       |       |       |    91 |    44 |       |       ||   135
       Reflection        |       |       |       |     4 |    24 |    43 |       ||    71
       Buckler           |       |       |       |       |   518 |   964 |   201 ||  1683
       Rpst.: Demon blade |       |       |       |       |       |       |    15 ||    15

Table legend:
 A = Non-vault XP
 B = Vault XP
 C = Vault XP percentage of total XP
 D = Non-vault monster count
 E = Vault monster count
 F = Vault count percentage of total count
                 A         B        C        D         E       F
            +---------+---------+-------+---------+---------+-------
      Total |  203502 |  165048 |  44.8 |     800 |     415 |  34.2
            +---------+---------+-------+---------+---------+-------
        D:1 |      32 |       0 |   0.0 |      19 |       0 |   0.0
        D:2 |      57 |      37 |  39.4 |      22 |       1 |   4.3
        D:3 |     160 |     160 |  50.0 |      26 |       7 |  21.2
        D:4 |     277 |       0 |   0.0 |      17 |       0 |   0.0
        D:5 |     247 |       0 |   0.0 |      10 |       0 |   0.0
        D:6 |    1528 |      96 |   5.9 |      35 |       1 |   2.8
        D:7 |    1335 |       8 |   0.6 |      22 |       4 |  15.4
        D:8 |    1661 |    2190 |  56.9 |      34 |       8 |  19.0
        D:9 |     854 |     976 |  53.3 |      15 |       1 |   6.2
       D:10 |    2240 |    1905 |  46.0 |      19 |      14 |  42.4
       D:11 |    3648 |       0 |   0.0 |      45 |       0 |   0.0
       D:12 |    7694 |    1484 |  16.2 |      34 |      11 |  24.4
       D:13 |    9208 |    7325 |  44.3 |      29 |      12 |  29.3
       D:14 |   12087 |    4270 |  26.1 |      41 |       2 |   4.7
       D:15 |   14084 |    8466 |  37.5 |      36 |      17 |  32.1
     Lair:1 |    2765 |       0 |   0.0 |      13 |       0 |   0.0
     Lair:2 |    4809 |    1722 |  26.4 |      15 |       6 |  28.6
     Lair:3 |    2128 |       0 |   0.0 |      11 |       0 |   0.0
     Lair:4 |    2312 |    3486 |  60.1 |      16 |       5 |  23.8
     Lair:5 |    6706 |    4728 |  41.4 |      27 |      11 |  28.9
     Lair:6 |    8315 |   13576 |  62.0 |      25 |      70 |  73.7
   Shoals:1 |   10806 |       0 |   0.0 |      22 |       0 |   0.0
   Shoals:2 |    8671 |    1199 |  12.1 |      17 |       4 |  19.0
   Shoals:3 |    9944 |    4418 |  30.8 |      18 |      10 |  35.7
   Shoals:4 |   14449 |   25175 |  63.5 |      32 |      37 |  53.6
    Snake:1 |   13563 |    1507 |  10.0 |      33 |       1 |   2.9
    Snake:2 |   18269 |     529 |   2.8 |      40 |       1 |   2.4
    Snake:3 |   19507 |       0 |   0.0 |      36 |       0 |   0.0
    Snake:4 |   15177 |   41622 |  73.3 |      27 |      60 |  69.0
      Orc:1 |    1948 |    5240 |  72.9 |      21 |       9 |  30.0
      Orc:2 |    2075 |    9815 |  82.5 |      32 |      58 |  64.4
      Elf:1 |    6946 |   12157 |  63.6 |      11 |      15 |  57.7
      Elf:2 |       0 |    5081 | 100.0 |       0 |       7 | 100.0
     Bailey |       0 |    2313 | 100.0 |       0 |      26 | 100.0
   Gauntlet |       0 |    5563 | 100.0 |       0 |      17 | 100.0
            +---------+---------+-------+---------+---------+-------
